 Dungeon Crawl Stone Soup version 0.31-a0-743-g45f7035092 (webtiles) character file.

Game seed: 9188404482251316251

11809 scionoferis the Summoner (level 11, -2/47 HPs)
             Began as a Felid Summoner on Sept 12, 2023.
             Was an Initiate of Gozag.
             Succumbed to a black mamba's poison
             ... on level 1 of the Lair of Beasts.
             The game lasted 00:57:09 (16413 turns).

scionoferis the Summoner (Felid Summoner)          Turns: 16413, Time: 00:57:09

Health: -2/47      AC:  2    Str:  4    XL:     11   Next: 54%
Magic:  10/19      EV: 19    Int: 27    God:    Gozag
Gold:   963        SH:  5    Dex: 17    Spells: 8/20 levels left
                                        Lives:  0   Deaths: 2

rFire   + . .        (weapon unavailable)
rCold   . . .        (shield unavailable)
rNeg    . . .        (body armour unavailable)
rPois   .            (helmet unavailable)
rElec   .            (cloak unavailable)
rCorr   .            (gloves unavailable)
SInv    +            (boots unavailable)
Will    +....        t - amulet of reflection
Stlth   ++++         k - +6 ring of intelligence
HPRegen 0.27/turn    y - ring of protection from fire
MPRegen 0.16/turn

%: reflection
@: lethally poisoned (-2 -> -27), quick
A: very small, claws 1, fangs 3, see invisible, speed 1, shaggy fur 2, stealthy
paws, no weapons or thrown items, no armour, multi-lived
a: Renounce Religion, Potion Petition, Call Merchant, Bribe Branch


You were on level 1 of the Lair of Beasts.
You worshipped Gozag.
Gozag was pleased with you.
You visited 2 branches of the dungeon, and saw 12 of its levels.
You also visited: Volcano.

You collected 1036 gold pieces.
You paid 73 gold pieces to Gozag.


Innate Abilities, Weirdness & Mutations

You have sharp claws.
You have razor-sharp teeth.
You have supernaturally acute eyesight. (SInv)
You cover ground quickly. (Speed+)
You are covered in thick fur. (AC +2)
Your paws help you pounce on unaware monsters.
You are incapable of wielding weapons or throwing items.
You cannot wear armour.
You gain extra lives every three experience levels.


   Skills:
 - Level 5.0 Fighting
 - Level 5.0 Dodging
 + Level 8.9 Stealth
 - Level 5.0 Spellcasting
 + Level 12.6 Summonings
 + Level 5.3 Fire Magic
 + Level 7.5 Air Magic


You had 8 spell levels left.
You knew the following spells:

 Your Spells              Type           Power      Damage    Failure   Level
a - Summon Small Mammal   Summ           100%       N/A       1%          1
b - Call Canine Familiar  Summ           66%        N/A       1%          3
c - Summon Lightning Spi  Summ/Air       57%        N/A       1%          4
d - Summon Guardian Gole  Hex/Summ       40%        N/A       1%          3
e - Foxfire               Conj/Fire      84%        2x1d8     2%          1

Your spell library contained the following spells:

 Spells                   Type           Power      Damage    Failure   Level
 Call Imp                 Summ           100%       N/A       1%          2
 Apportation              Tloc           12%        N/A       7%          1
 Magic Dart               Conj           24%        1d4       7%          1
 Necrotise                Necr           24%        1d5       7%          1
 Searing Ray              Conj           12%        2d4       11%         2
 Ozocubu's Armour         Ice            6%         N/A       22%         3
 Monstrous Menagerie      Summ           33%        N/A       34%         7
 Fulminant Prism          Conj/Hex       3%         3d5       56%         4
 Plasma Beam              Fire/Air       20%        2x1d32    61%         6
 Irradiate                Conj/Tmut      3%         3d12      89%         5
 Metabolic Englaciation   Hex/Ice        3%         N/A       89%         5
 Starburst                Conj/Fire      10%        6d5       98%         6
 Simulacrum               Ice/Necr       Unusable   N/A       N/A         6

Inventory:

Jewellery
 k - a +6 ring of intelligence (left paw)
   (You found it on level 2 of the Dungeon)
 r - a ring of flight
   (You found it on level 4 of the Dungeon)
 t - an amulet of reflection (around neck)
   (You found it on level 5 of the Dungeon)
 y - a ring of protection from fire (right paw)
   (You found it on level 7 of the Dungeon)
 z - a ring of positive energy
   (You found it on level 7 of the Dungeon)
Wands
 v - a wand of mindburst (10)
   (You took it off a centaur on level 6 of the Dungeon)
 D - a wand of digging (4)
   (You found it on level 8 of the Dungeon)
Scrolls
 c - 2 scrolls of amnesia
 f - 3 scrolls of teleportation
 g - a scroll of fear
 h - 4 scrolls of fog
 j - a scroll of torment
 m - 2 scrolls of blinking
 n - a scroll of acquirement
 p - 2 scrolls of summoning
 u - 3 scrolls of immolation
 C - 2 scrolls of noise
Potions
 a - 2 potions of magic
 b - 2 potions of lignification {unknown}
 d - a potion of invisibility {unknown}
 e - 2 potions of haste {unknown}
 i - 2 potions of curing
 l - 4 potions of heal wounds
 o - 2 potions of ambrosia {unknown}
 q - a potion of brilliance {unknown}
 w - 2 potions of resistance {unknown}
 A - a potion of attraction {unknown}
 B - 2 potions of might {unknown}

Dungeon Overview and Level Annotations

Branches:
Dungeon (11/15)            Temple (0/1) D:6            Lair (1/5) D:8
    Orc (0/2) D:9         Volcano (visited)

Altars:
Dithmenos
Gozag
Kikubaaqudgha
Okawaru
Qazlal
Sif Muna
Trog
Uskayaw
Wu Jian
Yredelemnul
Zin
The Shining One

Shops:
D:11 ?

Annotations:
D:9 3 runed translucent doors, exclusion: 3 doors, Skeral's ghost, journeyman MeEE; hattop's ghost, novice DsSh; olddryhag's ghost, journeyman DrAE; soul19's ghost, journeyman GnSh
D:10 exclusion: door

####### ## #..## #..... ......
#.###P.P###### #..... ##.#.#####
#...........####..P..
......'..####.............##.....
#.#P..##...........P$............
#.....#####.#$...........##......
##.P+## ######.........##......
#....# ##........##...... #.####
##@..#..#####...... ##..#
##hS###### #........ #..####
#89.# ##......$ ......# ##.###.##
##...... ......########.......#
###...# .......#.............#
#####... .........#####....S..$.
......... ........P# #.......##
####.+... ......#### .........#
###...


You could see a black mamba (ally target), a friendly guardian golem (summoned),
a friendly warg (summoned, sheltered) and a friendly lightning spire (summoned,
sheltered).


Message History

Your warg barely misses the kobold demonologist.
The kobold demonologist looks encouraged for a moment.
A kobold comes into view. It is wielding a +0 short sword.
Your warg closely misses the kobold demonologist.
The kobold demonologist looks satisfied for a moment.
The kobold hits your warg with a +0 short sword.
Your warg bites the kobold demonologist.
Your warg misses the kobold demonologist.
The kobold demonologist hits your warg but does no damage.
A two-headed ogre comes into view. It is wielding two +0 giant clubs.
Your warg barely misses the kobold demonologist.
The kobold demonologist hits your warg but does no damage.
Your warg closely misses the kobold demonologist.
Unknown command.
The kobold is distracted by your dazzling golden aura.
The kobold demonologist hits your warg with a +0 dagger.
The two-headed ogre hits your warg with a +0 giant club!
Your warg dies!
Your warg's corpse disappears in a puff of smoke!
Unknown command.
Casting: Summon Lightning Spire (dangerous; 1% risk of failure)
Confirm with . or Enter, or press ? or * to list all spells.
A guardian golem appears, shielding your allies.
The kobold shouts!
Your lightning spire shoots out a bolt of lightning at the kobold demonologist!
The bolt of electricity hits the kobold demonologist!
The bolt of electricity hits the kobold.
The kobold dies!
A shadow imp comes into view.
A kobold comes into view. It is wielding a +0 dagger of venom.
The kobold demonologist casts a spell.
Your lightning spire shoots out a bolt of lightning at the kobold demonologist!
The bolt of electricity hits the kobold demonologist!!
The kobold demonologist dies!
Your Air Magic skill increases to level 7!
Things that are here:
5 gold pieces; a +0 dagger
Casting: Summon Guardian Golem (safe; 1% risk of failure)
Confirm with . or Enter, or press ? or * to list all spells.
The shadow imp shouts, "Slither hence, thou feckless weevil-witted surfacer!"
The kobold is distracted by your dazzling golden aura.
Your lightning spire shoots out a bolt of lightning at the two-headed ogre!
The bolt of electricity hits the two-headed ogre!
The kobold shouts!
Your lightning spire disappears in a puff of smoke!
A kobold zombie comes into view.
Your warg bites the two-headed ogre.
Your warg barely misses the two-headed ogre.
You see here 5 gold pieces.
Things that are here:
5 gold pieces; a +0 short sword of distortion; a curare-tipped dart
Casting: Call Canine Familiar (safe; 1% risk of failure)
Confirm with . or Enter, or press ? or * to list all spells.
An electric hum fills the air.
The shadow imp hits your warg but does no damage.
Something hits your guardian golem. Something hits your guardian golem!!
Your warg bites the shadow imp!
The shadow imp hits your warg but does no damage.
Your lightning spire shoots out a bolt of lightning at the shadow imp!
The bolt of electricity hits the shadow imp!
The shadow imp dies!
Your guardian golem overheats!
The two-headed ogre hits your guardian golem with a +0 giant club!
Flame seeps out of your guardian golem.
The two-headed ogre hits your guardian golem with a +0 giant club!
Your guardian golem disappears in a puff of smoke!
Your guardian golem explodes!
The fiery explosion engulfs the two-headed ogre!!!
The fiery explosion engulfs your warg!!!
Your warg dies!
Your warg's corpse disappears in a puff of smoke!
Your lightning spire shoots out a bolt of lightning at the two-headed ogre!
The bolt of electricity hits the two-headed ogre!
The two-headed ogre dies!
You feel a bit more experienced.
Your Stealth skill increases to level 8!
You start resting.
A poisoned dart appears from out of your range of vision.
The poisoned dart hits your lightning spire!
A kobold comes into view.
It is wielding a +0 dagger and quivering poisoned darts.
Your lightning spire shoots out a bolt of lightning at the kobold!
The bolt of electricity hits the kobold!!
The kobold dies!
You feel a bit more experienced.
Your lightning spire shoots out a bolt of lightning at the kobold zombie!
The bolt of electricity hits the kobold zombie.
Casting: Summon Lightning Spire (dangerous; 1% risk of failure)
Confirm with . or Enter, or press ? or * to list all spells.
Your lightning spire shoots out a bolt of lightning at the kobold zombie!
The bolt of electricity hits the kobold zombie!!
The kobold zombie is destroyed!
You start resting.
Your lightning spire disappears in a puff of smoke!
Your warg disappears in a puff of smoke!
A kobold brigand comes into view.
It is wielding a +0 dagger and quivering poisoned darts.
Casting: Call Canine Familiar (safe; 1% risk of failure)
Confirm with . or Enter, or press ? or * to list all spells.
The kobold brigand shouts!
Casting: Call Canine Familiar (safe; 1% risk of failure)
Confirm with . or Enter, or press ? or * to list all spells.
An electric hum fills the air.
Your warg closely misses the kobold brigand.
The kobold brigand throws a poisoned dart.
The poisoned dart hits your warg!
Your warg is poisoned.
Your lightning spire shoots out a bolt of lightning at the kobold brigand!
The bolt of electricity hits the kobold brigand!
Your warg barely misses the kobold brigand.
A kobold skeleton comes into view.
The kobold brigand throws a poisoned dart.
The poisoned dart barely misses your lightning spire.
Your warg misses the kobold brigand.
Your lightning spire shoots out a bolt of lightning at the kobold brigand!
The bolt of electricity hits the kobold brigand!
The kobold brigand dies!
A kobold skeleton is nearby!
Your lightning spire shoots out a bolt of lightning at the kobold skeleton!
The bolt of electricity hits the kobold skeleton.
Your warg bites the kobold skeleton!
The kobold skeleton is destroyed!
You start resting.
Your warg looks more healthy.
Your lightning spire disappears in a puff of smoke!
Your warg disappears in a puff of smoke!
Magic restored.
Things that are here:
5 gold pieces; a +0 short sword of distortion; a curare-tipped dart
Things that are here:
26 gold pieces; a +0 giant club; a +0 giant club
Things that are here:
5 gold pieces; a +0 dagger; 3 poisoned darts
Things that are here:
5 gold pieces; a +0 dagger A kobold comes into view.
It is wielding a +0 short sword.
Casting: Summon Lightning Spire (dangerous; 1% risk of failure)
Confirm with . or Enter, or press ? or * to list all spells.
The kobold shouts!
A kobold zombie comes into view.
The kobold throws a stone.
You block the stone with an invisible shield... and reflect it back!
The stone misses the kobold.
The kobold throws a stone.
The stone barely misses you.
Your warg barely misses the kobold.
The kobold hits your warg but does no damage.
A kobold zombie comes into view.
Your warg closely misses the kobold.
The kobold hits your warg with a +0 short sword.
Your warg barely misses the kobold.
Casting: Call Canine Familiar (safe; 1% risk of failure)
Confirm with . or Enter, or press ? or * to list all spells.
An electric hum fills the air.
The kobold barely misses your warg.
A kobold zombie comes into view.
Your warg bites the kobold.
Your warg bites the kobold!
The kobold dies!
Unknown command.
Your warg bites the kobold zombie.
The kobold zombie hits your warg but does no damage.
Your lightning spire shoots out a bolt of lightning at the kobold zombie!
The bolt of electricity hits the kobold zombie!!
The kobold zombie is destroyed!
Your warg bites the kobold zombie!!
The kobold zombie is destroyed!
The kobold zombie hits your warg but does no damage.
Your warg bites the kobold zombie!
The kobold zombie is destroyed!
A kobold zombie comes into view.
Your lightning spire shoots out a bolt of lightning at the kobold zombie!
The bolt of electricity hits the kobold zombie.
Your lightning spire shoots out a bolt of lightning at the kobold zombie!
The bolt of electricity hits the kobold zombie!
The kobold zombie is destroyed!
You start resting.
Your lightning spire disappears in a puff of smoke!
Your warg disappears in a puff of smoke!
Magic restored.
There is an open gate here.
You see here 7 gold pieces.
Found three kobold skeletons.
Found two kobold skeletons.
Found an ancient bone altar of Kikubaaqudgha.
Found two kobold skeletons.
There is an open gate here.
Found a metallic pink potion and a potion of curing.
There is an open door here.
There is an open door here.
You see here a kobold skeleton.
You see here a kobold skeleton.
You see here a kobold skeleton.
There is an open door here.
There is an open door here.
There is an open gate here.
You see here 7 gold pieces.
Things that are here:
7 gold pieces; a +0 short sword; 4 stones
There is a stone staircase leading up here.
Things that are here:
7 gold pieces; a +0 club A kobold brigand comes into view.
It is wielding a +4 short sword and quivering poisoned darts.
Casting: Summon Lightning Spire (dangerous; 1% risk of failure)
Confirm with . or Enter, or press ? or * to list all spells.
The kobold brigand shouts!
The kobold brigand throws a poisoned dart.
The poisoned dart closely misses you.
A stone appears from out of your range of vision.
The stone hits your wolf.
The kobold brigand throws a poisoned dart.
The poisoned dart closely misses your wolf.
The poisoned dart completely misses you.
Something closely misses your wolf.
A kobold comes into view. It is wielding a +0 short sword.
Your wolf bites the kobold brigand!
Your wolf barely misses the kobold brigand.
Something barely misses your wolf.
A kobold comes into view. It is wielding a +0 dagger.
The kobold brigand throws a poisoned dart.
The poisoned dart barely misses you.
Your wolf barely misses the kobold brigand.
Something barely misses your wolf.
The kobold throws a stone.
The stone misses you.
The kobold hits your wolf but does no damage.
The kobold brigand throws a poisoned dart.
The poisoned dart misses you.
Your wolf bites the kobold brigand!
Casting: Call Canine Familiar (safe; 1% risk of failure)
Confirm with . or Enter, or press ? or * to list all spells.
An electric hum fills the air.
Your wolf bites the kobold brigand.
A kobold comes into view. It is wielding a +0 whip.
Something closely misses your wolf. The kobold closely misses your wolf.
The kobold brigand barely misses your wolf.
The kobold throws a stone.
The stone hits your wolf.
A kobold comes into view. It is wielding a +2 whip of venom.
The kobold hits your wolf with a +0 short sword.
The kobold brigand hits your wolf with a +4 short sword.
Your wolf misses the kobold brigand. The kobold brigand misses your wolf.
The kobold throws a stone.
The stone barely misses your wolf. The stone barely misses you.
Your wolf bites the kobold brigand.
Your wolf barely misses the kobold brigand.
The kobold throws a stone.
The stone closely misses your wolf. The stone closely misses you.
The kobold brigand hits your wolf with a +4 short sword!
Your wolf barely misses the kobold brigand.
Your wolf barely misses the kobold brigand.
The kobold completely misses your wolf.
The kobold brigand hits your wolf with a +4 short sword.
Your wolf dies!
Your wolf's corpse disappears in a puff of smoke!
Casting: Summon Lightning Spire (dangerous; 1% risk of failure)
Confirm with . or Enter, or press ? or * to list all spells.
Your lightning spire shoots out a bolt of lightning at the kobold!
The bolt of electricity misses the kobold.
The bolt of electricity hits the kobold!
The kobold dies!
The bolt of electricity hits your lightning spire.
Your lightning spire completely resists.
The kobold brigand throws a poisoned dart.
The poisoned dart hits your lightning spire!
Your lightning spire shoots out a bolt of lightning at the kobold!
The bolt of electricity hits the kobold brigand!
The kobold brigand dies!
The bolt of electricity hits the kobold!!
The kobold dies!
Your lightning spire shoots out a bolt of lightning at the kobold!
The bolt of electricity hits the kobold!!
The kobold dies!
The bolt of electricity hits your lightning spire.
Your lightning spire completely resists.
The kobold throws a stone.
The stone hits your warg but does no damage.
Your warg bites the kobold.
The kobold throws a stone.
The stone misses your warg. The stone closely misses you.
Your warg closely misses the kobold.
The kobold throws a stone.
The stone barely misses your warg.
You block the stone with an invisible shield... and reflect it back!
The stone completely misses your warg.
The stone hits the kobold.
Your warg barely misses the kobold.
Your lightning spire shoots out a bolt of lightning at the kobold!
The bolt of electricity misses the kobold.
Your lightning spire disappears in a puff of smoke!
Your warg bites the kobold!
The kobold dies!
Unknown command.
Your warg disappears in a puff of smoke!
Found a shadowy altar of Dithmenos.
There is an open door here.
Found a scroll of identify.
There is an open door here.
A kobold comes into view.
It is wielding a +0 dagger and carrying a wand of mindburst.
You see here a scroll of identify.
F - a scroll of identify
As you read the scroll of identify, it crumbles to dust.
C - 2 scrolls of noise
There is an open door here.
A kobold is nearby!
Casting: Call Canine Familiar (safe; 1% risk of failure)
Confirm with . or Enter, or press ? or * to list all spells.
The kobold shouts!
Casting: Call Canine Familiar (safe; 1% risk of failure)
Confirm with . or Enter, or press ? or * to list all spells.
An electric hum fills the air.
The kobold zaps a wand.
You easily resist.
Items here: $ (( )).
Casting: Summon Lightning Spire (dangerous; 1% risk of failure)
Confirm with . or Enter, or press ? or * to list all spells.
An electric hum fills the air.
Your lightning spire disappears in a puff of smoke!
Your warg bites the kobold!
The kobold dies!
Unknown command.
Your lightning spire disappears in a puff of smoke!
Your warg disappears in a puff of smoke!
Things that are here:
6 gold pieces; a +0 dagger; 4 stones
There is an open door here.
Found an escape hatch in the ceiling.
There is an open door here.
Found 4 large rocks.
There is an open door here.
An unseen horror comes into view.
Casting: Summon Lightning Spire (dangerous; 1% risk of failure)
Confirm with . or Enter, or press ? or * to list all spells.
What are your orders? t - Meow!
Orders for allies: a - Attack new target. r - Retreat! s - Stop attacking. g - Guard the area. f - Follow me.
Anything else - Cancel.
Gang up on whom?
Press: ? - help, Dir - move target, f - unseen horror
Aim: an unseen horror (slightly transparent, asleep, ally target) Attack!
Your wolf bites the unseen horror.
The unseen horror hits your wolf. x2; Your wolf bites the unseen horror!
Your wolf closely misses the unseen horror.
Casting: Call Canine Familiar (safe; 1% risk of failure)
Confirm with . or Enter, or press ? or * to list all spells.
You conjure some foxfire!
The unseen horror hits you! x2
Your foxfire dissipates!
The foxfire hits the unseen horror but does no damage.
The unseen horror is moderately wounded.
The unseen horror attacks as it pursues you!
The unseen horror hits you. The unseen horror closely misses you.
Casting: Foxfire (safe; 2% risk of failure)
Confirm with . or Enter, or press ? or * to list all spells.
You conjure some foxfire!
The unseen horror hits you. The unseen horror hits your wolf!
Your wolf bites the unseen horror.
The unseen horror closely misses you.
Your wolf closely misses the unseen horror.
Your foxfire dissipates!
The foxfire hits the unseen horror but does no damage.
The unseen horror is lightly wounded.
The unseen horror attacks as it pursues you!
The unseen horror closely misses you. The unseen horror misses you.
The unseen horror misses you. The unseen horror hits your wolf!
A kobold zombie comes into view.
The unseen horror attacks as it pursues you!
The unseen horror hits you. You block the unseen horror's attack.
Your wolf bites the unseen horror.
The unseen horror misses you. The unseen horror hits you!
* * * LOW HITPOINT WARNING * * *
Okay, then.
Unknown command.
Press: ? - help, v - describe, . - travel
Here: an unseen horror (moderately wounded, slightly transparent, ally target)
The floor.
As you read the scroll of fear, it crumbles to dust.
You assume a fearsome visage.
The kobold zombie is unaffected.
The unseen horror looks frightened!
The unseen horror hits your wolf!
Your wolf dies!
Your wolf's corpse disappears in a puff of smoke!
The unseen horror closely misses you. The unseen horror hits you!
You die...
You rejoin the land of the living...
You see here 7 gold pieces.
Search for what [Enter for "d:9", or ? for help]? d:11 Unknown command.
There is an open gate here.
Things that are here:
12 gold pieces; a +2 dagger of venom
Things that are here:
5 gold pieces; a +0 dagger; a +0 robe
Items here: $ ))).
Items here: $ ( )) [.
Things that are here:
7 gold pieces; a +0 whip; a +0 dagger
Things that are here:
6 gold pieces; a +0 club
Things that are here:
6 gold pieces; a +0 dagger of venom; 2 stones
Things that are here:
26 gold pieces; a +0 giant club; a +0 giant club
Things that are here:
5 gold pieces; a +0 short sword of distortion; a curare-tipped dart A kobold brigand comes into view.
It is wielding a +0 short sword and quivering poisoned darts.
Casting: Foxfire (safe; 2% risk of failure)
Confirm with . or Enter, or press ? or * to list all spells.
The kobold brigand shouts!
Casting: Call Canine Familiar (safe; 1% risk of failure)
Confirm with . or Enter, or press ? or * to list all spells.
An electric hum fills the air.
Your warg closely misses the kobold brigand.
Things that are here:
3 gold pieces; a +0 whip Your lightning spire shoots out a bolt of lightning at the kobold brigand!
The bolt of electricity hits the kobold brigand!
Things that are here:
4 gold pieces; a +0 club Your warg closely misses the kobold brigand.
Your lightning spire shoots out a bolt of lightning at the kobold brigand!
The bolt of electricity hits the kobold brigand!
The kobold brigand hits your lightning spire with a +0 short sword.
Your warg barely misses the kobold brigand.
Your lightning spire shoots out a bolt of lightning at the kobold brigand!
The bolt of electricity misses the kobold brigand.
Your warg bites the kobold brigand!
The kobold brigand dies!
You start resting.
Your lightning spire disappears in a puff of smoke!
Your warg disappears in a puff of smoke!
Magic restored.
There is an open door here.
You see here 6 gold pieces.
Found a scroll labelled WEEKUY LOSUKUT.
You see here a scroll labelled WEEKUY LOSUKUT.
E - 2 scrolls labelled WEEKUY LOSUKUT (gained 1)
Found a scroll labelled WEEKUY LOSUKUT.
You see here a scroll labelled WEEKUY LOSUKUT.
E - 3 scrolls labelled WEEKUY LOSUKUT (gained 1)
There is an open door here.
Press: ? - help, v - describe, . - travel A translucent stone wall.
There is an open door here.
You open the door.
Found a fuming emerald potion.
A kobold zombie comes into view.
There is an open door here.
You see here a fuming emerald potion.
w - 2 fuming emerald potions (gained 1)
Casting: Summon Lightning Spire (dangerous; 1% risk of failure)
Confirm with . or Enter, or press ? or * to list all spells.
Your warg bites the kobold zombie!
The kobold zombie is destroyed!
You swap places.
Found an escape hatch in the floor.
Found a stone staircase leading up.
A cyclops comes into view.
The cyclops shouts!
Casting: Call Canine Familiar (safe; 1% risk of failure)
Confirm with . or Enter, or press ? or * to list all spells.
An electric hum fills the air.
The cyclops throws a large rock.
The large rock hits you!!
Casting: Summon Lightning Spire (dangerous; 1% risk of failure)
Confirm with . or Enter, or press ? or * to list all spells.
A guardian golem appears, shielding your allies.
Your warg disappears in a puff of smoke!
Casting: Summon Guardian Golem (safe; 1% risk of failure)
Confirm with . or Enter, or press ? or * to list all spells.
The cyclops throws a large rock.
The large rock hits you!!!
Ouch! That really hurt!
You die...
You rejoin the land of the living...
There is an open gate here.
Things that are here:
12 gold pieces; a +2 dagger of venom
Things that are here:
5 gold pieces; a +0 dagger; a +0 robe
Items here: $ ))).
Things that are here:
7 gold pieces; a +0 dagger; 3 stones
There is an escape hatch in the ceiling here.
A mysterious force pulls you upwards. The hatch slams shut behind you.
Level annotation: exclusion: door Search for what [Enter for "d:11", or ? for help]? lair You see here 20 gold pieces.
There is an open door here.
You see here 17 gold pieces.
You see here 36 gold pieces.
There is a stone staircase leading up, spattered with blood here.
You climb upwards.
Level annotation: 3 runed translucent doors, exclusion: 3 doors, Skeral's ghost, journeyman MeEE; hattop's ghost, novice DsSh; olddryhag's ghost, journeyman DrAE; soul19's ghost, journeyman GnSh
There is a stone staircase leading down here.
There is a stone staircase leading up here.
You climb upwards.
There is a stone staircase leading down here.
Things that are here:
a +0 scale mail; 3 boomerangs; a +0 falchion
Things that are here:
a +0 robe; a +1 dagger of holy wrath
Things that are here:
a +0 robe; a +0 dagger
There is a staircase to the Lair here.
Okay, then.
Unknown command.
Casting: Call Canine Familiar (safe; 1% risk of failure)
Confirm with . or Enter, or press ? or * to list all spells.
An electric hum fills the air.
Press: ? - help, v - describe, . - travel
Here: a lightning spire (summoned, friendly)
The floor.
Welcome back, scionoferis the Felid Summoner.
Gozag says: Greed is good.
Press ? for a list of commands and other information.
There is a staircase to the Lair here.
You start resting.
Magic restored.
You climb downwards.
Welcome to the Lair of Beasts!
You feel an oppressive heat about you.
There is an entrance to a volcano on this level.
Hurry and find it before the entrance collapses!
There is a staircase back to the Dungeon here.
Cast which spell? (? or * to list)
The water moccasin hisses angrily.
The water moccasin barely misses you.
Casting: Call Canine Familiar (safe; 1% risk of failure)
Confirm with . or Enter, or press ? or * to list all spells.
An electric hum fills the air.
The water moccasin barely misses you.
You scratch the water moccasin.
The water moccasin is lightly wounded.
Your wolf barely misses the water moccasin.
You block the water moccasin's attack.
Your wolf closely misses the water moccasin.
The water moccasin bites you!
Unknown command.
You scratch the water moccasin but do no damage.
Your wolf completely misses the water moccasin.
The water moccasin bites you.
Your wolf completely misses the water moccasin.
Your lightning spire shoots out a bolt of lightning at the water moccasin!
The bolt of electricity hits the water moccasin!
Unknown command.
You miss the water moccasin.
The water moccasin is moderately wounded.
The water moccasin bites you.
Your wolf bites the water moccasin.
The water moccasin completely misses you.
You scratch the water moccasin.
The water moccasin is heavily wounded.
Your wolf bites the water moccasin!
Your wolf barely misses the water moccasin.
The water moccasin misses your wolf.
Your lightning spire shoots out a bolt of lightning at the water moccasin!
The bolt of electricity hits the water moccasin!!
The water moccasin dies!
Okay, then.
Unknown command.
Unknown command.
There is a staircase back to the Dungeon, spattered with blood here.
As you read the scroll labelled WEEKUY LOSUKUT, it crumbles to dust.
It is a scroll of enchant armour.
You aren't carrying any armour which can be enchanted further.
You drop 2 scrolls of enchant armour.
You swap places.
There is a staircase back to the Dungeon, spattered with blood here.
Unknown command.
The air fills with toxic fumes!
As you read the scroll labelled SAUVAAXUTO, it crumbles to dust.
It was a scroll of poison.
Your lightning spire disappears in a puff of smoke!
You climb upwards.
Welcome back to the Dungeon!
Your summoned ally is left behind.
There is a staircase to the Lair here.
You climb downwards.
Welcome back to the Lair of Beasts!
You feel an oppressive heat about you.
There is an entrance to a volcano on this level.
Hurry and find it before the entrance collapses!
Your wolf disappears in a puff of smoke!
There is a staircase back to the Dungeon, spattered with blood here.
As you read the scroll labelled NAPHOIZE CUEHO, it crumbles to dust.
A profound silence engulfs you.
It was a scroll of silence.
Unknown command.
A bullfrog comes into view.
A water moccasin comes into view.
You cannot cast spells when silenced!
You see here 2 scrolls of enchant armour.
There is a staircase back to the Dungeon, spattered with blood here.
The bullfrog completely misses you.
You climb upwards.
Welcome back to the Dungeon!
There is a staircase to the Lair here.
You start resting.
Magic restored.
You start resting.
Your hearing returns.
You climb downwards.
Welcome back to the Lair of Beasts!
You feel an oppressive heat about you.
There is an entrance to a volcano on this level.
Hurry and find it before the entrance collapses!
You hear the slow rumble of a very distant avalanche of rocks.
The water moccasin misses you.
The bullfrog snags a nearby mosquito with its tongue.
You block the bullfrog's attack. The water moccasin closely misses you.
The bullfrog closely misses you.
There is a staircase back to the Dungeon, spattered with blood here.
Casting: Summon Lightning Spire (dangerous; 1% risk of failure)
Confirm with . or Enter, or press ? or * to list all spells.
An electric hum fills the air.
The water moccasin misses you. You block the bullfrog's attack.
You block the water moccasin's attack. The bullfrog hits you.
Casting: Summon Lightning Spire (dangerous; 1% risk of failure)
Confirm with . or Enter, or press ? or * to list all spells.
You block the water moccasin's attack. The bullfrog barely misses you.
Your lightning spire shoots out a bolt of lightning at the bullfrog!
The bolt of electricity hits the bullfrog!
You swap places.
The water moccasin completely misses you.
Your warg bites the water moccasin!
The water moccasin misses your warg.
The bullfrog hits your lightning spire but does no damage.
Your warg bites the water moccasin!
The water moccasin closely misses your warg.
The bullfrog hits your lightning spire!
Your lightning spire shoots out a bolt of lightning at the bullfrog!
The bolt of electricity hits the bullfrog!!
The bullfrog dies!
The water moccasin closely misses your warg.
Your warg bites the water moccasin.
The water moccasin dies!
You see here 2 scrolls of enchant armour.
Found 10 gold pieces.
A bullfrog comes into view.
Found 22 gold pieces.
Your warg bites the butterfly!
The butterfly dies!
Your warg bites the bullfrog!!
The bullfrog dies!
Your Fire Magic skill increases to level 5!
Unknown command.
Found a stone staircase leading down.
Found a murky ruby potion.
Your warg disappears in a puff of smoke!
Autopickup is now off. 2 yaks come into view.
The yak bellows!
The yak gores the bush!
The yak gores the bush.
A bullfrog comes into view.
You hear the slow rumble of a very distant avalanche of rocks.
Casting: Call Canine Familiar (safe; 1% risk of failure)
Confirm with . or Enter, or press ? or * to list all spells.
Your warg bites the bullfrog.
The bullfrog gives a loud, deep croak!
The bullfrog hits your warg.
Your warg barely misses the bullfrog.
Found 8 gold pieces.
The bullfrog hits your warg but does no damage.
Your warg closely misses the bullfrog.
Your warg misses the bullfrog. The bullfrog barely misses you.
You scratch the bullfrog.
The bullfrog is lightly wounded.
Your warg bites the bullfrog.
The bullfrog closely misses you.
Your warg barely misses the bullfrog.
You scratch the bullfrog but do no damage.
Your bite misses the bullfrog.
The bullfrog is lightly wounded.
You block the bullfrog's attack.
Your warg closely misses the bullfrog.
The bullfrog hits you.
You scratch the bullfrog.
The bullfrog is moderately wounded.
Your warg bites the bullfrog.
The bullfrog barely misses you.
Unknown command.
You scratch the bullfrog but do no damage.
The bullfrog is severely wounded.
The bullfrog hits you.
Your warg barely misses the bullfrog.
The bullfrog barely misses you.
Your warg bites the bullfrog!
The bullfrog dies!
Found a club.
You swap places.
You open the door.
Found a potion of curing.
There is an open door here.
You see here a potion of curing.
i - 4 potions of curing (gained 1)
Your warg disappears in a puff of smoke!
Found 19 gold pieces.
Found a stone staircase leading down.
Found 13 gold pieces.
Found a dark tunnel.
A wyvern comes into view.
The wyvern moves out of view.
You hear the rumble of an avalanche of rocks.
Casting: Call Canine Familiar (safe; 1% risk of failure)
Confirm with . or Enter, or press ? or * to list all spells.
An electric hum fills the air.
Your lightning spire shoots out a bolt of lightning at the wyvern!
The bolt of electricity hits the wyvern!
Casting: Summon Lightning Spire (dangerous; 1% risk of failure)
Confirm with . or Enter, or press ? or * to list all spells.
Your lightning spire shoots out a bolt of lightning at the wyvern!
The bolt of electricity hits the wyvern!
The wyvern hisses menacingly.
The wyvern bites your lightning spire but does no damage.
The wyvern bites your lightning spire.
Your lightning spire shoots out a bolt of lightning at the wyvern!
The bolt of electricity hits the wyvern!
The bolt of electricity hits the wyvern!!
The wyvern dies!
You swap places.
You start resting.
Your lightning spire disappears in a puff of smoke!
Your warg disappears in a puff of smoke!
Magic restored.
Unknown command.
There is a dark tunnel here.
The world spins around you as you enter the gateway.
You enter a volcano!
Found seven items.
Found three rocky tunnels leading out of this place.
There is a rock-blocked tunnel here.
A centaur comes into view.
It is wielding a +0 shortbow of flaming.
Casting: Call Canine Familiar (safe; 1% risk of failure)
Confirm with . or Enter, or press ? or * to list all spells.
The centaur shouts!
The centaur unwields a +0 shortbow of flaming.
It stops flaming.
The centaur misses you. The centaur completely misses you.
Casting: Call Canine Familiar (safe; 1% risk of failure)
Confirm with . or Enter, or press ? or * to list all spells.
An electric hum fills the air.
You block the centaur's attack. The centaur kicks you.
Your warg barely misses the centaur.
Unknown command.
The centaur hits you. You block the centaur's attack.
Your warg barely misses the centaur.
You scratch the centaur but do no damage.
You bite the centaur.
The centaur is lightly wounded.
You block the centaur's attack. x2; Your warg barely misses the centaur.
The centaur closely misses you. The centaur kicks you.
You scratch the centaur.
The centaur is moderately wounded.
There is a rumble as the volcano erupts.
The roof shakes.
Your warg bites the centaur!
The centaur closely misses your warg. x2
You completely miss the centaur.
The centaur is almost dead.
Your warg bites the centaur.
The centaur dies!
You start resting.
HP restored.
You start resting.
There is a rumble as the volcano erupts.
The roof shakes.
Your lightning spire disappears in a puff of smoke!
Things that are here:
12 gold pieces; a +0 shortbow of flaming
Found a scroll of torment.
You swap places.
Autopickup is now on.
Your warg disappears in a puff of smoke!
You now have 835 gold pieces (gained 12).
You see here a +0 shortbow of flaming.
There is a rumble as the volcano erupts.
The roof shakes.
A centaur comes into view.
It is wielding a +2 shortbow of flaming.
A yaktaur comes into view.
It is wielding a +1 arbalest of flaming.
Found four items.
Found a rocky tunnel leading out of this place.
The yaktaur shouts!
The yaktaur shoots a bolt.
The bolt hits you!! The bolt burns you.
You see here a +0 chain mail.
Casting: Summon Lightning Spire (dangerous; 1% risk of failure)
Confirm with . or Enter, or press ? or * to list all spells.
An electric hum fills the air.
There is a rumble as the volcano erupts.
The roof shakes.
You see here a +1 great sword of flaming.
You start resting.
A yaktaur is nearby!
Your lightning spire shoots out a bolt of lightning at the yaktaur!
The bolt of electricity hits the yaktaur!
The yaktaur shoots a bolt.
The bolt hits your lightning spire!! The bolt burns your lightning spire.
There is a rocky tunnel leading out of this place here.
Casting: Summon Lightning Spire (dangerous; 1% risk of failure)
Confirm with . or Enter, or press ? or * to list all spells.
A guardian golem appears, shielding your allies.
Your lightning spire shoots out a bolt of lightning at the yaktaur!
The bolt of electricity hits the yaktaur!
The yaktaur unwields a +0 arbalest of flaming.
It stops flaming.
The yaktaur hits your lightning spire but does no damage.
Casting: Summon Guardian Golem (safe; 1% risk of failure)
Confirm with . or Enter, or press ? or * to list all spells.
Unknown command.
The yaktaur barely misses your lightning spire.
Your lightning spire shoots out a bolt of lightning at the yaktaur!
The bolt of electricity hits the yaktaur!
The yaktaur dies!
You see here a +0 shortbow of flaming.
You start resting.
Your lightning spire disappears in a puff of smoke!
There is a rumble as the volcano erupts.
The roof shakes.
You start resting.
Your guardian golem disappears in a puff of smoke!
There is a rumble as the volcano erupts.
The roof shakes.
You start resting.
There is a rumble as the volcano erupts.
The roof shakes.
You start resting.
Your warg disappears in a puff of smoke!
There is a rumble as the volcano erupts.
The roof shakes.
You start resting.
Magic restored.
You start resting.
The volcano erupts!
Nearby, a roof collapses.
You start resting.
HP restored.
You now have 853 gold pieces (gained 18).
You see here a +0 arbalest of flaming.
The centaur shouts!
The centaur shoots an arrow.
The arrow closely misses you.
The centaur shoots an arrow.
The arrow hits you! The arrow burns you.
Casting: Call Canine Familiar (safe; 1% risk of failure)
Confirm with . or Enter, or press ? or * to list all spells.
An electric hum fills the air.
The centaur shoots an arrow.
The arrow hits you.
Casting: Summon Lightning Spire (dangerous; 1% risk of failure)
Confirm with . or Enter, or press ? or * to list all spells.
Your lightning spire shoots out a bolt of lightning at the centaur!
The bolt of electricity hits the centaur!!
The centaur dies!
Casting: Call Canine Familiar (safe; 1% risk of failure)
Confirm with . or Enter, or press ? or * to list all spells.
Okay, then.
You now have 872 gold pieces (gained 19).
You see here a +2 shortbow of flaming.
You now have 876 gold pieces (gained 4).
There is a rocky tunnel leading out of this place here.
You swap places.
You see here a +2 shortbow of flaming.
There is a rocky tunnel leading out of this place here.
You see here a +0 arbalest of flaming.
You see here a +0 chain mail.
You see here a +1 great sword of flaming.
There is a rocky tunnel leading out of this place here.
You swap places.
You see here a +1 great sword of flaming.
You see here a +0 shortbow of flaming.
Your wolf disappears in a puff of smoke!
You see here a +0 arbalest of flaming.
There is a rock-blocked tunnel here.
Search for what [? for help]? volc
Press: ? - help, v - describe, . - travel A stone wall.
There is a rocky tunnel leading out of this place here.
You start resting.
Magic restored.
You start resting.
HP restored.
You start waiting.
Done waiting.
Done exploring.
Welcome back to the Lair of Beasts!
There is a collapsed entrance here.
Autopickup is now off.
You swing at nothing.
There is a stone staircase leading down here.
Found a robe.
Found a stone staircase leading down.
You open the door.
There is an open door here.
Found an escape hatch in the floor.
Found 11 gold pieces.
You open the door.
Found 18 gold pieces.
There is an open door here.
You see here 18 gold pieces.
A black mamba comes into view.
Welcome back, scionoferis the Felid Summoner.
Gozag says: Greed is good.
Press ? for a list of commands and other information.
Found 19 stones.
The black mamba hisses angrily.
Cast which spell? (? or * to list)
Your warg bites the black mamba!
Casting: Call Canine Familiar (safe; 1% risk of failure)
Confirm with . or Enter, or press ? or * to list all spells.
An electric hum fills the air.
The black mamba barely misses you. The black mamba bites you!
Your warg bites the black mamba!
You swap places.
You block the black mamba's attack.
Your warg bites the black mamba!
The black mamba bites you!
You are poisoned.
The black mamba poisons you! You block the black mamba's attack.
Your warg misses the black mamba.
You feel very sick. The black mamba misses you.
Your warg misses the black mamba. The black mamba misses you.
Unknown command.
You feel sick.
Your warg bites the black mamba but does no damage.
The black mamba attacks as it pursues you!
The black mamba misses you.
You feel sick.
Your warg bites the black mamba.
The black mamba closely misses you.
Your warg closely misses the black mamba.
You barely miss the black mamba.
The black mamba is almost dead.
You feel sick. The black mamba bites you!
* * * LOW HITPOINT WARNING * * *
You are lethally poisoned!
The black mamba poisons you!
Your warg barely misses the black mamba.
The black mamba closely misses you.
You feel better. The black mamba misses you.
Your warg misses the black mamba. You block the black mamba's attack.
You barely miss the black mamba.
The black mamba is almost dead.
Your warg misses the black mamba. The black mamba barely misses you.
You scratch the black mamba but do no damage.
You bite the black mamba.
The black mamba is almost dead.
The black mamba bites you!
* * * LOW HITPOINT WARNING * * *
You are lethally poisoned!
The black mamba poisons you!
Your warg barely misses the black mamba.
The black mamba completely misses you.
Your warg bites the black mamba.
The black mamba dies!
You feel better.
You start resting.
Your lightning spire disappears in a puff of smoke!
Your warg disappears in a puff of smoke!
Magic restored.
You start resting.
A cane toad comes into view.
Casting: Summon Lightning Spire (dangerous; 1% risk of failure)
Confirm with . or Enter, or press ? or * to list all spells.
The cane toad closely misses your wolf.
Your wolf misses the cane toad. The cane toad barely misses your wolf.
Your wolf bites the cane toad but does no damage. x2
Casting: Call Canine Familiar (safe; 1% risk of failure)
Confirm with . or Enter, or press ? or * to list all spells.
An electric hum fills the air.
Your wolf bites the cane toad!
Your wolf closely misses the cane toad.
Your wolf bites the cane toad but does no damage.
Your wolf bites the cane toad.
The cane toad completely misses you.
Your wolf bites the cane toad.
The cane toad stings you!!
You are poisoned.
The cane toad poisons you!
Your lightning spire shoots out a bolt of lightning at the cane toad!
The bolt of electricity hits the cane toad!!
The bolt of electricity hits the cane toad!
The bolt of electricity hits your lightning spire.
Your lightning spire completely resists.
The bolt of electricity hits your lightning spire.
Your lightning spire completely resists.
You feel very sick.
Your wolf closely misses the cane toad.
Your wolf completely misses the cane toad.
The cane toad stings your lightning spire!!
You feel very sick.
Your wolf barely misses the cane toad.
The cane toad stings your lightning spire but does no damage.
Your wolf bites the cane toad.
The cane toad dies!
You start resting.
* * * LOW HITPOINT WARNING * * *
You feel very sick.
You start resting.
You feel sick. x8
You are no longer poisoned.
You start resting.
Your lightning spire disappears in a puff of smoke!
Your wolf disappears in a puff of smoke!
Magic restored.
You start resting.
HP restored.
You now have 881 gold pieces (gained 5).
You now have 886 gold pieces (gained 5).
You now have 904 gold pieces (gained 18).
There is an open door here.
You now have 915 gold pieces (gained 11).
There is an open door here.
You now have 928 gold pieces (gained 13).
You now have 947 gold pieces (gained 19).
There is a stone staircase leading down here.
You now have 963 gold pieces (gained 16).
A black mamba comes into view.
The black mamba hisses angrily.
Casting: Summon Lightning Spire (dangerous; 1% risk of failure)
Confirm with . or Enter, or press ? or * to list all spells.
An electric hum fills the air.
Casting: Summon Lightning Spire (dangerous; 1% risk of failure)
Confirm with . or Enter, or press ? or * to list all spells.
Casting: Call Canine Familiar (safe; 1% risk of failure)
Confirm with . or Enter, or press ? or * to list all spells.
A guardian golem appears, shielding your allies.
The black mamba barely misses you. The black mamba closely misses you.
Your warg bites the black mamba!
Your warg barely misses the black mamba.
The black mamba closely misses you. The black mamba bites you!
You are poisoned.
The black mamba poisons you!
Your warg bites the black mamba.
You feel very sick. You block the black mamba's attack.
Your warg closely misses the black mamba.
The black mamba barely misses you.
Your warg misses the black mamba.
You feel very sick. The black mamba bites you.
The black mamba closely misses you.
Your warg bites the black mamba.
You feel sick. The black mamba bites you!
You are lethally poisoned!
The black mamba poisons you!
Your warg bites the black mamba!
The black mamba closely misses you.
* * * LOW HITPOINT WARNING * * *
You feel extremely sick. The black mamba closely misses you.
Your warg bites the black mamba!
The black mamba bites you.
* * * LOW HITPOINT WARNING * * *
You die...
Your body crumbles into a pile of gold.

Skill      XL: |  1  2  3  4  5  6  7  8  9 10 11 |
---------------+----------------------------------+-----
Stealth        | 3 5 7 8 |  8.9
Summonings     | 6 7 8 9 11 12 | 12.6
Dodging        | 3 4 5 |  5.0
Fighting       | 2 3 5 |  5.0
Air Magic      | 1 3 5 6 7 |  7.5
Spellcasting   | 5 |  5.0
Fire Magic     | 4 5 |  5.3

Action                     |  1- 3 |  4- 6 |  7- 9 | 10-12 || total
---------------------------+-------+-------+-------+-------++-------
  Melee: Unarmed           |    21 |    18 |    21 |    37 ||    97
         Bite              |       |     1 |     3 |     3 ||     7
   Cast: Summon Small Mamm |    31 |    28 |    27 |     1 ||    87
         Call Canine Famil |    11 |    41 |    52 |    52 ||   156
         Summon Lightning  |       |       |    19 |    49 ||    68
         Summon Guardian G |       |       |       |    21 ||    21
         Foxfire           |       |       |       |     5 ||     5
    Use: Scroll            |       |     6 |     1 |     9 ||    16
         Potion            |       |       |       |     5 ||     5
   Stab: Sleeping          |     5 |     1 |       |     1 ||     7
         Distracted        |       |       |     2 |     1 ||     3
 Armour: Skin              |    14 |    21 |    24 |    42 ||   101
  Dodge: Dodged            |    25 |    51 |    47 |    96 ||   219
  Block: Other             |       |       |     7 |    32 ||    39
         Reflection        |       |       |       |     4 ||     4

Levels and vault maps discovered:
D:1:      amcnicky_arrival_wind_blow, layout_basic,
          shapermc_ecumenical_altar_notcrosses
D:2:      layout_basic, uniq_terence, uniq_sigmund
D:3:      layout_rooms, minmay_unequal
D:4:      layout_basic, mainiacjoe_overflow_small_starburst, old_standard_altar,
          mainiacjoe_overflow_catwalk
D:5:      nicolae_cairo_tiling_large_dashed, layout_loops_ring,
          nicolae_uskayaw_dance_hall, grunt_ministairs_9
D:6:      layout_basic, kennysheep_mini_moat, lemuel_crystal_altar,
          minmay_temple_entry_butterflies, hex_intersection, uniq_prince_ribbit1
D:7:      layout_basic, mainiacjoe_overflow_brackets, lemuel_doored_altar
D:8:      layout_loops_ring, erik_lair_orcish_takeover, chequers_garden
D:9:      layout_roguey, nicolae_overflow_macrodata_refinement, orc_0_dummy,
          gammafunk_ghost_cemetery, serial_rivers,
          chequers_serial_rivers_small_b, chequers_serial_rivers_micro_b,
          chequers_serial_rivers_micro_a, chequers_serial_rivers_micro_b
D:10:     minmay_shrinking_squares, layout_stronghold
D:11:     wander_kiku_kobolds, layout_irregular_city, nicolae_take_the_stairs,
          chequers_serial_rivers_small_3, grunt_dithmenos_smoke
Lair:1:   layout_roguey, nicolae_volcano_entry_two_sided, lemuel_fruit_tree,
          lemuel_fruit_fields, infiniplex_staircase_pool, serial_bayou_shore_b

Notes
Turn   | Place    | Note
-------+----------+-------------------------------------------
     0 | D:1      | scionoferis the Felid Summoner began the quest for the Orb.
     0 | D:1      | Reached XP level 1. HP: 7/7 MP: 4/4
    96 | D:1      | Reached skill level 3 in Stealth
   203 | D:1      | Reached XP level 2. HP: 11/11 MP: 3/6
   685 | D:1      | Found a faded altar of an unknown god.
  1195 | D:2      | Reached XP level 3. HP: 7/14 MP: 3/7
  1233 | D:2      | Learned a level 3 spell: Call Canine Familiar
  1265 | D:2      | Noticed Terence
  1422 | D:2      | Noticed Sigmund
  1799 | D:2      | Identified the +3 ring mail "Zeanliuq" {Harm Slay+3 SInv}
  2086 | D:2      | Killed Sigmund
  2087 | D:2      | Reached skill level 5 in Stealth
  2087 | D:2      | Reached skill level 6 in Summonings
  2087 | D:2      | Reached XP level 4. HP: 18/18 MP: 3/8
  2087 | D:2      | Reached XP level 5. HP: 21/21 MP: 3/9
  2604 | D:2      | Killed Terence
  3026 | D:3      | Reached skill level 3 in Dodging
  3239 | D:3      | Gained mutation: You are covered in thick fur. (AC +2)
                  | [Felid growth]
  3239 | D:3      | Reached XP level 6. HP: 24/25 MP: 5/10
  3693 | D:3      | Reached skill level 1 in Fighting
  4466 | D:4      | Found a glowing golden altar of the Shining One.
  4781 | D:4      | Found a bloodstained altar of Trog.
  4984 | D:4      | Found a shimmering blue altar of Sif Muna.
  5138 | D:4      | HP: 1/25 [orc priest/divine providence (14)]
  5647 | D:5      | Entered Level 5 of the Dungeon
  5758 | D:5      | Found a hide-covered altar of Uskayaw.
  5786 | D:5      | Reached skill level 2 in Fighting
  5786 | D:5      | Reached skill level 4 in Dodging
  5786 | D:5      | Reached skill level 7 in Summonings
  5786 | D:5      | Reached XP level 7. HP: 30/30 MP: 6/11
  6341 | D:5      | Reached skill level 3 in Fighting
  6341 | D:5      | Reached skill level 5 in Dodging
  6460 | D:5      | Learned a level 4 spell: Summon Lightning Spire
  6492 | D:5      | Identified the +3 sling of the Puffin {speed, rN+ Str+5
                  | Int+2 Dex-4}
  6566 | D:5      | Reached skill level 8 in Summonings
  6888 | D:5      | Reached skill level 1 in Air Magic
  6888 | D:5      | Reached XP level 8. HP: 34/34 MP: 7/12
  7190 | D:6      | Noticed Prince Ribbit
  7198 | D:6      | Killed Prince Ribbit
  7199 | D:6      | Reached skill level 4 in Fighting
  7199 | D:6      | Reached skill level 2 in Air Magic
  7322 | D:6      | Reached skill level 9 in Summonings
  7384 | D:6      | Found an opulent altar of Gozag.
  7427 | D:6      | Became a worshipper of Gozag Ym Sagoz the Greedy
  7731 | D:6      | Reached skill level 3 in Air Magic
  7929 | D:6      | Found an iron altar of Okawaru.
  8008 | D:6      | Found a staircase to the Ecumenical Temple.
  8248 | D:7      | Reached skill level 5 in Fighting
  8248 | D:7      | Reached XP level 9. HP: 40/40 MP: 4/13
  8262 | D:7      | Reached skill level 10 in Summonings
  8341 | D:7      | Learned a level 3 spell: Summon Guardian Golem
  8352 | D:7      | Found a basalt altar of Yredelemnul.
  8363 | D:7      | Identified the +3 short sword "Zellek" {venom, rC+}
  8788 | D:7      | Reached skill level 4 in Air Magic
  8790 | D:7      | Reached skill level 3 in Spellcasting
  8949 | D:7      | Found a stormy altar of Qazlal.
  9630 | D:8      | Found a staircase to the Lair.
  9676 | D:8      | Reached skill level 4 in Spellcasting
 10038 | D:8      | Reached skill level 5 in Spellcasting
 10042 | D:8      | Reached skill level 5 in Air Magic
 10309 | D:8      | Reached skill level 11 in Summonings
 10373 | D:8      | Reached XP level 10. HP: 44/44 MP: 11/18
 10784 | D:8      | Learned a level 1 spell: Foxfire
 10809 | D:9      | Found a runed translucent gate.
 10809 | D:9      | Found a runed translucent gate.
 11184 | D:9      | Reached skill level 1 in Fire Magic
 11217 | D:9      | Found a staircase to the Orcish Mines.
 11236 | D:9      | Noticed a two-headed ogre
 11325 | D:9      | Found an ornate altar of the Wu Jian Council.
 11328 | D:9      | Found a shadowy altar of Dithmenos.
 11368 | D:9      | Killed a two-headed ogre
 11369 | D:9      | Reached skill level 2 in Fire Magic
 11581 | D:9      | Found a glowing silver altar of Zin.
 11590 | D:9      | Found an ancient bone altar of Kikubaaqudgha.
 11595 | D:9      | Got the Omnibus of the Mutated Flock
 11612 | D:9      | Found a runed translucent gate.
 11612 | D:9      | Noticed Skeral's ghost (journeyman MeEE)
 11626 | D:9      | Noticed olddryhag's ghost (journeyman DrAE)
 11627 | D:9      | Noticed soul19's ghost (journeyman GnSh)
 11627 | D:9      | Noticed hattop's ghost (novice DsSh)
 12406 | D:10     | Entered Level 10 of the Dungeon
 12454 | D:10     | Reached skill level 3 in Fire Magic
 12454 | D:10     | Reached skill level 6 in Air Magic
 12463 | D:10     | Reached skill level 6 in Stealth
 12944 | D:10     | Reached skill level 12 in Summonings
 13028 | D:10     | Noticed a centaur warrior
 13028 | D:10     | Noticed a manticore
 13028 | D:10     | Noticed a cyclops
 13028 | D:10     | Noticed a brown ugly thing
 13028 | D:10     | Noticed a manticore
 13028 | D:10     | Noticed a cyan ugly thing
 13682 | D:11     | Reached skill level 4 in Fire Magic
 13750 | D:11     | Identified a scroll of acquirement
 13833 | D:11     | Reached skill level 7 in Stealth
 13846 | D:11     | Reached XP level 11. HP: 47/47 MP: 16/19
 13850 | D:11     | Noticed a boulder beetle
 14177 | D:11     | Identified the +0 robe of the Equator {Harm Str+4}
 14315 | D:11     | Killed a boulder beetle
 14466 | D:11     | Found Tooss's Magic Scroll Shop.
 14502 | D:11     | Noticed a two-headed ogre
 14506 | D:11     | Reached skill level 7 in Air Magic
 14520 | D:11     | Killed a two-headed ogre
 14521 | D:11     | Reached skill level 8 in Stealth
 14711 | D:11     | Found an ancient bone altar of Kikubaaqudgha.
 14924 | D:11     | Found a shadowy altar of Dithmenos.
 15104 | D:11     | Slain by an unseen horror
 15291 | D:11     | Hit by a large rock thrown by a cyclops
 15397 | Lair:1   | Entered Level 1 of the Lair of Beasts
 15482 | Lair:1   | Reached skill level 5 in Fire Magic
 15564 | Lair:1   | Found a dark tunnel.
 15623 | Volcano  | Entered a volcano
 16032 | Lair:1   | HP: 3/47 [black mamba (17)]
 16148 | Lair:1   | HP: 4/47 [poisoned by a cane toad]
 16412 | Lair:1   | HP: 4/47 [black mamba (6)]
 16413 | Lair:1   | Succumbed to a black mamba's poison

Vanquished Creatures
  A scorpion (D:7)
  A killer bee (D:9)
  An adder (D:4)
  An orc (D:10)
  An endoplasm (D:1)
  A goblin (D:2)
  A bat (D:1)
  3 kobolds (D:1 D:3)
  2 rats (D:1 D:2)
12 creatures vanquished.

Vanquished Creatures (collateral kills)
  A boulder beetle (D:11)
  2 two-headed ogres (D:9 D:11)
  A black mamba (Lair:1)
  A cane toad (Lair:1)
  A kobold demonologist (D:11)
  A yaktaur (Volcano)
  Prince Ribbit (D:6)
  Sigmund (D:2)
  A shadow (D:11)
  A wraith (D:11)
  4 yaks (D:10 D:11)
  3 wyverns (D:8 Lair:1)
  2 vampires (D:9)
  3 wargs (D:8)
  3 water moccasins (D:9 Lair:1)
  6 orc warriors (D:7 D:10 D:11)
  4 ice beasts (D:6 D:7 D:8)
  A sky beast (D:7)
  2 black bears (D:5 D:6)
  An ogre (D:5)
  6 centaurs (D:6 D:9 D:10 Volcano)
  7 kobold brigands (D:5 D:7 D:11)
  A gnoll sergeant (D:6)
  4 scorpions (D:5 D:6)
  5 bullfrogs (D:7 D:9 Lair:1)
  10 wights (D:8 D:9)
  7 killer bees (D:8 D:9)
  11 howler monkeys (D:6 D:7 D:8 D:11)
  2 hounds (D:5 D:6)
  10 orc priests (D:4 D:5 D:7 D:8 D:10)
  3 iguanas (D:5 D:6)
  Terence (D:2)
  12 orc wizards (D:4 D:7 D:8 D:10 D:11)
  10 gnolls (D:5 D:6)
  7 adders (D:2 D:3 D:4 D:5)
  5 shadow imps (D:5 D:6 D:11)
  3 white imps (D:4 D:5 D:8)
  An ufetubus (D:6)
  A worm (D:3)
  4 dart slugs (D:1 D:2 D:4 D:5)
  30 orcs (D:3 D:4 D:5 D:7 D:8)
  A bat (D:1)
  13 endoplasms (D:1 D:2 D:3 D:4)
  3 giant cockroaches (D:1 D:2 D:3)
  5 goblins (D:2 D:3 D:4)
  9 hobgoblins (D:1 D:3 D:4)
  8 jackals (D:1 D:2 D:4)
  44 kobolds (D:1 D:2 D:3 D:5 D:6)
  2 quokkas (D:3)
  5 ball pythons (D:1 D:2 D:4)
  3 frilled lizards (D:1 D:2 D:3)
  3 kobold skeletons (D:11)
  13 kobold zombies (D:11)
  3 rats (D:1 D:3)
  3 butterflies (D:6 Lair:1)
295 creatures vanquished.

Vanquished Creatures (others)
  A troll (D:9)
  5 yaks (D:10 D:11)
  7 foxfires (D:10 D:11)
13 creatures vanquished.

Grand Total: 320 creatures vanquished

Table legend: (Time is in decaauts)
 A = Elapsed time spent in this place.
 B = Non-inter-level travel time spent in this place.
 C = Inter-level travel time spent in this place.
 D = Time resting spent in this place.
 E = Time spent auto-exploring this place.
 F = Levels seen in this place.
 G = Mean time per level.
                   A        B        C        D        E       F      G
               +--------+--------+--------+--------+--------+-----+--------+
         Total |  14587 |  14089 |    498 |   4089 |   6950 |  13 | 1122.1 |
       Dungeon |  13674 |  13176 |    498 |   3573 |   6831 |  11 | 1243.1 |
          Lair |    616 |    616 |      0 |    299 |    119 |   1 |  616.0 |
       Volcano |    296 |    296 |      0 |    216 |      0 |   1 |  296.0 |
               +--------+--------+--------+--------+--------+-----+--------+

Top non-repeatable levels by time:
    D:11: 1516 daAuts
     D:4: 1466 daAuts
     D:2: 1419 daAuts
     D:8: 1410 daAuts
     D:5: 1387 daAuts
     D:9: 1288 daAuts
    D:10: 1104 daAuts
     D:7: 1077 daAuts
     D:1: 1040 daAuts
     D:3: 1003 daAuts
     D:6: 958 daAuts
  Lair:1: 616 daAuts
 Volcano: 296 daAuts

Table legend:
 A = Non-vault XP
 B = Vault XP
 C = Vault XP percentage of total XP
 D = Non-vault monster count
 E = Vault monster count
 F = Vault count percentage of total count
                 A         B        C        D         E       F
            +---------+---------+-------+---------+---------+-------
      Total |   14208 |    2663 |  15.8 |     242 |      68 |  21.9
            +---------+---------+-------+---------+---------+-------
        D:1 |      30 |       0 |   0.0 |      19 |       0 |   0.0
        D:2 |      44 |     267 |  85.9 |      18 |       2 |  10.0
        D:3 |      99 |       1 |   1.0 |      25 |       1 |   3.8
        D:4 |     153 |       0 |   0.0 |      24 |       0 |   0.0
        D:5 |     777 |      56 |   6.7 |      24 |       2 |   7.7
        D:6 |    1087 |     277 |  20.3 |      21 |       1 |   4.5
        D:7 |     992 |       0 |   0.0 |      22 |       0 |   0.0
        D:8 |    1325 |     643 |  32.7 |      16 |       9 |  36.0
        D:9 |    2425 |       0 |   0.0 |      15 |       0 |   0.0
       D:10 |    2206 |       0 |   0.0 |      28 |       0 |   0.0
       D:11 |    3341 |     858 |  20.4 |      22 |      50 |  69.4
     Lair:1 |    1729 |       0 |   0.0 |       8 |       0 |   0.0
    Volcano |       0 |     561 | 100.0 |       0 |       3 | 100.0
            +---------+---------+-------+---------+---------+-------
